 Dungeon Crawl Stone Soup version 0.21.1-1-g345015f (webtiles) character file.

39 tidbits the Charmwright (level 3, 4/31 HPs)
             Began as a Gnoll Skald on June 18, 2018.
             Quit the game on level 2 of the Dungeon.
             The game lasted 00:03:24 (243 turns).

tidbits the Charmwright (Gnoll Skald)                Turns: 243, Time: 00:03:24

Health: 4/31       AC:  1    Str: 12 (13) XL:     3   Next: 47%
Magic:  0/9        EV: 13    Int: 19 (21) God:
Gold:   40         SH:  0    Dex: 11 (14) Spells: 1/12 levels left

rFire    . . .     SeeInvis .   a - +0 hand axe
rCold    . . .     Gourm    .   (no shield)
rNeg     . . .     Faith    .   b - +0 leather armour
rPois    .         Spirit   .   (no helmet)
rElec    .         Reflect  .   (no cloak)
rCorr    .         Harm     .   (no gloves)
MR       +....                  (no boots)
Stlth    +.........             (no amulet)
HPRegen  0.10/turn              (no ring)
MPRegen  0.11/turn              (no ring)

@: brilliant, quite poisoned (4 -> 2), shrouded, flying
A: distributed training, fangs 1, deformed body, magic resistance 1, strong nose
a: no special abilities


You were on level 2 of the Dungeon.
You were not hungry.

You visited 1 branch of the dungeon, and saw 2 of its levels.

You collected 40 gold pieces.

Inventory:

Hand Weapons
 a - a +0 hand axe (weapon)
 e - a +0 dagger
Missiles
 f - 38 stones (quivered)
 h - 20 arrows
Armour
 b - a +0 leather armour (worn)
Scrolls
 g - a scroll of remove curse {unknown}
Potions
 i - a potion of degeneration
Books
 c - a book of Battle

   Spells                             Type                      Level
   a - Infusion                       Charms                       1
   b - Shroud of Golubria             Charms/Translocation         2
   c - Song of Slaying                Charms                       2
   d - Spectral Weapon                Hexes/Charms                 3
   e - Regeneration                   Charms/Necromancy            3
Comestibles
 d - a ration


   Skills:
 + Level 4.5 Fighting
 + Level 0.8 Short Blades
 + Level 0.8 Long Blades
 + Level 4.5 Axes
 + Level 0.8 Maces & Flails
 + Level 0.8 Polearms
 + Level 0.8 Staves
 + Level 0.8 Slings
 + Level 0.8 Bows
 + Level 0.8 Crossbows
 + Level 0.8 Throwing
 + Level 2.6 Armour
 + Level 4.5 Dodging
 + Level 0.8 Stealth
 + Level 0.8 Shields
 + Level 0.8 Unarmed Combat
 + Level 5.0 Spellcasting
 + Level 0.5 Conjurations
 + Level 0.5 Hexes
 + Level 5.4 Charms
 + Level 0.5 Summonings
 + Level 0.5 Necromancy
 + Level 0.5 Translocations
 + Level 0.5 Transmutations
 + Level 0.5 Fire Magic
 + Level 0.5 Ice Magic
 + Level 0.5 Air Magic
 + Level 0.5 Earth Magic
 + Level 0.5 Poison Magic
 + Level 1.0 Invocations
 + Level 0.8 Evocations


You had one spell level left.
You knew the following spells:

 Your Spells              Type           Power        Failure   Level  Hunger
g - Shroud of Golubria    Chrm/Tloc      ####......   1%          2    #......
i - Infusion              Chrm           ####         1%          1    None
r - Regeneration          Chrm/Necr      ####......   1%          3    ##.....
w - Spectral Weapon       Hex/Chrm       ####....     1%          3    ##.....
y - Song of Slaying       Chrm           #####...     1%          2    #......


Dungeon Overview and Level Annotations

Branches:
Dungeon (2/15)

Altars:


Innate Abilities, Weirdness & Mutations

Your experience applies equally to all skills.
You have very sharp teeth.
Your uncanny sense of smell can sniff out nearby items.
Armour fits poorly on your strangely shaped body.
You are resistant to hostile enchantments. (MR+)


Message History

Found 16 stones.
Unknown command.
You see here 9 gold pieces.
You now have 40 gold pieces (gained 9).
You hit the rat.
You kill the rat!
You see here a fuming golden potion.
i - 2 fuming golden potions (gained 1)
A dart slug comes into view.
Found a ration.
Unknown command.
A goblin comes into view. It is wielding a dagger.
The dart slug misses you.
Cast which spell? (? or * to list)
You draw out your weapon's spirit!
The dart slug barely misses you.
Unknown command.
You hit the dart slug.
The dart slug is moderately wounded.
You hit the dart slug.
The dart slug is heavily wounded.
Your spectral weapon hits the dart slug.
You kill the dart slug!
You see here 16 stones.
f - 38 stones (gained 16)
A worm and a kobold come into view.
The kobold shouts!
The kobold throws a stone.
The stone barely misses you.
You closely miss the goblin.
Your spectral weapon misses the goblin.
The goblin completely misses you.
You hit the goblin.
You kill the goblin!
A rat comes into view.
An adder and a hobgoblin come into view.
Wield which item (- for none, * to show all)? (? for menu, Esc to quit)
You don't have any such object.
Wield which item (- for none, * to show all)? (? for menu, Esc to quit)
Okay, then.
Unknown command.
It was a potion of degeneration.
There was something very wrong with that liquid.
You feel weakened.
You feel dopey.
You feel clumsy.
The adder hisses angrily.
It was a potion of brilliance.
You feel clever all of a sudden.
You hit the kobold.
You kill the kobold!
It was a potion of flight.
You feel very buoyant.
You fly up into the air.
It was a potion of mutation.
You feel extremely strange.
Your body twists and deforms.
You feel resistant to hostile enchantments.
Unknown command.
You barely miss the adder. You hit the worm.
Your spectral weapon closely misses the adder.
The adder completely misses you. The adder closely misses you.
You miss the adder. You barely miss the worm. You hit the rat but do no damage.
Your spectral weapon barely misses the adder.
The rat bites you. The adder closely misses you. The worm bites you.
* * * LOW HITPOINT WARNING * * *
The rat misses you.
Unknown command.
Casting: Spectral Weapon
Confirm with . or Enter, or press ? or * to list all spells.
Space distorts slightly along a thin shroud covering your body.
The adder bites you.
* * * LOW HITPOINT WARNING * * *
You are poisoned.
The adder poisons you! The rat bites you.
* * * LOW HITPOINT WARNING * * *
Unknown command.
You hit the adder.
The adder is lightly wounded.
You hit the worm. You hit the rat.
You kill the rat!
Your Invocations skill increases to level 1!
You hit the hobgoblin.
You feel sick.
Your spectral weapon fades away.
The adder barely misses you. The hobgoblin barely misses you.
The worm barely misses you.
Your shroud bends the adder's attack away.
Unknown command.
You hit the adder.
The adder is moderately wounded.
You hit the worm. You hit the hobgoblin.
Your shroud bends the hobgoblin's attack away.
The adder bites you.
* * * LOW HITPOINT WARNING * * *
Your shroud bends the worm's attack away.
Your shroud bends the hobgoblin's attack away.
You hit the adder.
The adder is severely wounded.
You closely miss the hobgoblin. You hit the worm.
* * * LOW HITPOINT WARNING * * *
You feel sick.
Your shroud bends the adder's attack away.
The adder completely misses you.
Your shroud bends the hobgoblin's attack away.
Okay, then.
Are you sure you want to abandon this character and quit the game? (Confirm with "yes".)

.######......#.
#...............
#...............
#...............
#...............
#............#
#.....%.Sw.# #.
#......)@†.# #.#
##.......g#####...
..................
#..........###..#####
....................##
#....................##
#.....................#
##....................#
##................†.<#


You could see a worm, an adder and a hobgoblin.

Vanquished Creatures
  An adder (D:2)
  A dart slug (D:2)
  A leopard gecko (D:1)
  A bat (D:2)
  A giant cockroach (D:1)
  2 goblins
  5 hobgoblins (D:1)
  4 jackals (D:1)
  A frilled lizard (D:1)
  4 kobolds
  5 rats
26 creatures vanquished.

Notes
Turn   | Place    | Note
-------+----------+-------------------------------------------
     0 | D:1      | tidbits the Gnoll Skald began the quest for the Orb.
     0 | D:1      | Reached XP level 1. HP: 20/20 MP: 6/6
     7 | D:1      | Noticed a swamp worm
     7 | D:1      | Noticed a water moccasin
     7 | D:1      | Noticed a swamp drake
     7 | D:1      | Noticed a redback
    55 | D:1      | Reached XP level 2. HP: 19/26 MP: 1/7
    86 | D:1      | Learned a level 2 spell: Song of Slaying
    89 | D:1      | Learned a level 2 spell: Shroud of Golubria
   191 | D:2      | Reached skill level 5 in Spellcasting
   191 | D:2      | Reached XP level 3. HP: 17/31 MP: 0/9
   200 | D:2      | Learned a level 3 spell: Regeneration
   204 | D:2      | Learned a level 3 spell: Spectral Weapon
   236 | D:2      | Gained mutation: Armour fits poorly on your strangely shaped body. [potion of mutation]
   236 | D:2      | Gained mutation: You are resistant to hostile enchantments. (MR+) [potion of mutation]
   240 | D:2      | Reached skill level 1 in Invocations
   243 | D:2      | Quit the game

Skill      XL: |  1  2  3 |
---------------+----------+-----
Spellcasting   | 5 |  5.0
Invocations    | 1 |  1.0
Fighting       | |  4.5
Short Blades   | |  0.8
Long Blades    | |  0.8
Axes           | |  4.5
Maces & Flails | |  0.8
Polearms       | |  0.8
Staves         | |  0.8
Slings         | |  0.8
Bows           | |  0.8
Crossbows      | |  0.8
Throwing       | |  0.8
Armour         | |  2.6
Dodging        | |  4.5
Stealth        | |  0.8
Shields        | |  0.8
Unarmed Combat | |  0.8
Conjurations   | |  0.5
Hexes          | |  0.5
Charms         | |  5.4
Summonings     | |  0.5
Necromancy     | |  0.5
Translocations | |  0.5
Transmutations | |  0.5
Fire Magic     | |  0.5
Ice Magic      | |  0.5
Air Magic      | |  0.5
Earth Magic    | |  0.5
Poison Magic   | |  0.5
Evocations     | |  0.8

Action                   || total
-------------------------++-------
Melee: Hand axe          ||    55
       Bite              ||     2
 Cast: Infusion          ||     5
       Shroud of Golubri ||     1
       Spectral Weapon   ||     1
  Use: Potion            ||     4
Armor: Leather armour    ||    11
Dodge: Dodged            ||    47

Table legend:
 A = Turns spent in this place as a percentage of turns spent in the entire game.
 B = Non-inter-level travel turns spent in this place as a percentage of non-inter-level travel turns spent in the entire game.
 C = Inter-level travel turns spent in this place as a percentage of turns spent in this place.
 D = Turns resting spent in this place as a percentage of non-inter-level travel turns spent in this place.
 E = Turns spent auto-exploring this place as a percentage of non-inter-level travel turns spent in this place.
 F = Non-inter-level travel turns spent in this place divided by the number of levels of this place that you've seen.
                   A       B       C       D       E      F
               +-------+-------+-------+-------+-------+----------------------
         Total | 100.0 | 100.0 |   0.0 |   0.0 |   0.0 | 121.5
       Dungeon | 100.0 | 100.0 |   0.0 |   0.0 |   0.0 | 121.5
               +-------+-------+-------+-------+-------+----------------------

Table legend:
 A = Kills in this place as a percentage of kills in entire the game.
 B = Kills by you in this place as a percentage of kills by you in the entire game.
 C = Kills by friends in this place as a percentage of kills by friends in the entire game.
 D = Other kills in this place as a percentage of other kills in the entire game.
 E = Experience gained in this place as a percentage of experience gained in the entire game.
 F = Experience gained in this place divided by the number of levels of this place that you have seen.
                   A       B       C       D       E      F
               +-------+-------+-------+-------+-------+----------------------
         Total | 100.0 | 100.0 |   N/A |   N/A | 100.0 |  28.5
       Dungeon | 100.0 | 100.0 |   N/A |   N/A | 100.0 |  28.5
               +-------+-------+-------+-------+-------+----------------------

Vault maps used:
D:1:      onia_arrival_zoo_common
D:2:      minmay_diamond_boxcup, xom_redecorated, first_ration
